 Dungeon Crawl Stone Soup version 0.29.0-4-gdea44cf6ec (webtiles) character file.

Game seed: 9917185117539555402

2924 qw the Cleaver (level 9, -1/54 HPs)
             Began as a Tengu Warper on Aug 29, 2022.
             Was a Follower of Okawaru.
             Slain by a troll (8 damage)
             ... on level 8 of the Dungeon.
             The game lasted 00:02:34 (8881 turns).

qw the Cleaver (Tengu Warper)                       Turns: 8881, Time: 00:02:34

Health: -1/54      AC: 14    Str: 15    XL:     9   Next: 79%
Magic:  12/14      EV: 14    Int: 17    God:    Okawaru [*.....]
Gold:   178        SH:  6    Dex: 13    Spells: 12/12 levels left

rFire   . . .      SeeInvis .   Y - +3 war axe
rCold   . . .      Faith    .   b - +0 buckler
rNeg    . . .      Spirit   .   i - +0 scale mail
rPois   +          Reflect  .   (helmet restricted)
rElec   .          Harm     .   c - +2 cloak
rCorr   .          Rampage  .   g - +2 pair of gloves
Will    .....                   (boots unavailable)
Stlth   +.........              (no amulet)
HPRegen 0.18/turn               (no ring)
MPRegen 0.14/turn               (no ring)

@: about to teleport, heroic, flying quickly and evasively, quick
A: beak, talons 3, nimble flight, clever 1, high MP 1, poison resistance
a: Renounce Religion, Heroism


You were on level 8 of the Dungeon.
You worshipped Okawaru.
Okawaru was aware of your devotion.
You visited 1 branch of the dungeon, and saw 8 of its levels.
You also visited: Ossuary.

You collected 408 gold pieces.
You spent 230 gold pieces at shops.


Innate Abilities, Weirdness & Mutations

You have a beak for a mouth.
You have claws for feet.
Your magical nature lets you fly swiftly and evasively.
Your mind is acute. (Int +4, Str/Dex -1)
You have an increased reservoir of magic. (+10% MP)
Your system is resistant to poisons. (rPois)


   Skills:
 - Level 5.0(10.0) Fighting
 - Level 11.0(16.0) Axes
 + Level 2.6(7.6) Throwing
 - Level 3.1(8.1) Armour
 - Level 3.2(8.2) Dodging
 - Level 5.1(10.1) Shields
 - Level 2.0 Spellcasting
 - Level 2.4 Translocations
 + Level 2.1 Invocations


You had 12 spell levels left.
You didn't know any spells.
Your spell library contained the following spells:

 Spells                   Type           Power      Damage    Failure   Level
 Blink                    Tloc           18%        N/A       41%         2
 Gell's Gravitas          Tloc           9%         N/A       65%         3
 Lesser Beckoning         Tloc           9%         N/A       65%         3
 Teleport Other           Tloc           9%         N/A       65%         3
 Manifold Assault         Tloc           9%         N/A       100%        5

Inventory:

Hand Weapons
 d - a +0 flail
 Y - a +3 war axe (weapon)
Missiles
 h - 2 boomerangs
 m - 3 javelins (quivered)
Armour
 b - a +0 buckler (worn)
 c - a +2 cloak (worn)
 g - a +2 pair of gloves (worn)
 i - a +0 scale mail (worn)
Jewellery
 k - a ring of fire
Scrolls
 l - 2 scrolls of identify
Potions
 a - 2 potions of might
 e - 5 potions of curing
 j - a potion of mutation
 n - 4 potions of haste
 o - a potion of heal wounds

Dungeon Overview and Level Annotations

Branches:
Dungeon (8/15)             Temple (0/1) D:7         Ossuary (visited)
   Lair: D:8-11

Altars:
Fedhas
Gozag
Kikubaaqudgha
Nemelex Xobeh
Okawaru
Ru

Shops:
D:5 !   D:6 *

Annotations:
D:3 3 runed translucent doors, qw's ghost, amateur TeWr


Message History

The killer bee stings you but does no damage.
The troll completely misses you.
The troll claws you but does no damage. x2
You miss the killer bee. Your kick misses the killer bee.
Your peck misses the killer bee.
The killer bee is moderately wounded.
You barely miss the orc. You slash the troll! You slash the killer bee!
You feel like a meek peon again.
The killer bee stings you but does no damage.
You block the killer bee's attack.
8878 ||| INVOKING Heroism.
You gain the combat prowess of a mighty hero.
The killer bee misses you. You block the killer bee's attack.
You block the orc's attack. The troll closely misses you.
The troll completely misses you. The troll barely misses you.
The killer bee completely misses you.
The killer bee stings you but does no damage.
You miss the killer bee. Your kick misses the killer bee.
You peck the killer bee.
You kill the killer bee!
Okawaru accepts your kill.
You hit the orc. You hit the troll. You hit the killer bee.
The killer bee stings you but does no damage.
The troll bites you. The troll misses you. x2
You block the killer bee's attack.
Your Invocations skill increases to level 2!
You slash the orc!
You kill the orc!
Okawaru accepts your kill.
You barely miss the killer bee. You hit the orc.
You kill the orc!
Okawaru accepts your kill.
You hit the troll.
The killer bee stings you but does no damage.
The troll bites you! You block the troll's attack. The troll claws you!
8881 ||| READING scroll of teleportation.
As you read the scroll of teleportation, it crumbles to dust.
You feel strangely unstable. You block the killer bee's attack.
The killer bee stings you. The orc barely misses you.
You block the troll's attack. The troll claws you!
You die...

......
#.#.#......#
#####.
###.######...#
.####¤...¤##...(.#
....#.....#..# .#
#...._.....###.#
....#.....#......
#...#¤...¤#......
....###.###......
#.....%|.@o......
...###..y)T....:.
#.....$.....
..............
####...$.......
#.#....#####
..#.)...
..###..... ...
......


You could see a troll, a killer bee and an orc.

Vanquished Creatures
  Pikel (D:5)
  Maggie (D:6)
  A steam dragon (D:7)
  Menkaure (D:4)
  A sky beast (D:5)
  2 centaurs
  An ogre (D:5)
  3 lemures (D:5)
  A kobold brigand (D:7)
  A gnoll sergeant (D:5)
  2 scorpions (D:5)
  3 bullfrogs
  2 necrophages
  3 wights (D:7)
  5 killer bees (D:8)
  3 centaur zombies (Ossuary)
  4 hounds
  A human zombie (Ossuary)
  2 gnoll boudas (D:7)
  2 jellies (D:6)
  An iguana (D:6)
  2 mummies (Ossuary)
  18 gnolls
  3 adders
  A white imp (D:5)
  An adder zombie (Ossuary)
  2 dart slugs (D:4)
  14 orcs
  2 bats (D:1)
  3 endoplasms
  A giant cockroach (D:3)
  8 goblins
  3 hobgoblins
  4 quokkas
  8 ball pythons
  A frilled lizard (D:2)
  2 goblin zombies
  10 hobgoblin zombies (Ossuary)
  A jackal zombie (Ossuary)
  7 kobolds
  9 kobold zombies (Ossuary)
  10 orc zombies (Ossuary)
  2 rat zombies
153 creatures vanquished.

Notes
Turn   | Place    | Note
-------+----------+-------------------------------------------
     0 | D:1      | qw the Tengu Warper began the quest for the Orb.
     0 | D:1      | Reached XP level 1. HP: 12/12 MP: 4/4
     0 | D:1      | 0 ||| qw: Version: 0.1-a-89-g26bdef1
     0 | D:1      | 0 ||| qw: Game counter: 3434
     0 | D:1      | 0 ||| qw: Always use a shield: true
     0 | D:1      | 0 ||| qw: God list: Okawaru
     0 | D:1      | 0 ||| qw: Allow faded altars: false
     0 | D:1      | 0 ||| qw: Do Orc after D:15 true
     0 | D:1      | 0 ||| qw: Do second Lair branch before Depths: true
     0 | D:1      | 0 ||| qw: Lair rune preference: random
     0 | D:1      | 0 ||| qw: Plans: Normal
     0 | D:1      | 0 ||| PLANNING D:1-11
    46 | D:1      | 46 ||| SWAPPING to +0 war axe.
    47 | D:1      | 47 ||| DROPPING +0 hand axe.
   257 | D:1      | Reached XP level 2. HP: 17/17 MP: 6/6
   259 | D:1      | Reached skill level 3 in Axes
   295 | D:1      | Found a faded altar of an unknown god.
   418 | D:1      | 418 ||| Stepping ~*~*~tactically~*~*~ (stealth).
   828 | D:1      | Reached XP level 3. HP: 21/21 MP: 7/7
  1061 | D:1      | 1061 ||| UPGRADING to +0 pair of gloves.
  1066 | D:1      | 1066 ||| UPGRADING to +0 scale mail.
  1076 | D:1      | 1076 ||| DROPPING +0 leather armour.
  1077 | D:1      | 1077 ||| READING scroll labelled TOQICA YFUTRE.
  1078 | D:1      | 1078 ||| READING scroll labelled JAZIDOCUAM.
  1079 | D:1      | 1079 ||| READING scroll labelled NEGGUWN JAETZ.
  1080 | D:1      | 1080 ||| READING scroll labelled QOUREKLONKU.
  1081 | D:1      | 1081 ||| READING scroll labelled TANTUN ENUNO.
  1082 | D:1      | 1082 ||| READING 2 scrolls labelled EXTYEX SIDDUAD.
  1083 | D:1      | 1083 ||| DROPPING scroll of blinking.
  1084 | D:1      | 1084 ||| Stepping randomly (stuck).
  1085 | D:1      | 1085 ||| Stepping ~*~*~tactically~*~*~ (cloud).
  1093 | D:1      | HP: 5/21 [poisoned by you (poison gas)]
  1538 | D:2      | 1538 ||| DROPPING +0 club.
  1546 | D:2      | 1546 ||| READING scroll of enchant armour.
  1546 | D:2      | 1546 ||| ENCHANTING +0 pair of gloves.
  1684 | D:2      | 1684 ||| DROPPING +0 mace.
  2090 | D:2      | Reached skill level 4 in Axes
  2103 | D:2      | 2103 ||| DROPPING orb of light.
  2104 | D:2      | 2104 ||| READING scroll labelled FAQ BIGANKOI.
  2105 | D:2      | 2105 ||| READING 2 scrolls of identify.
  2105 | D:2      | 2105 ||| IDENTIFYING lumpy inky potion
  2269 | D:3      | Identified the +2 leather armour of the True Pharaoh {rC+}
  2311 | D:3      | Noticed qw's ghost (amateur TeWr)
  2343 | D:3      | Found a runed translucent gate.
  2343 | D:3      | Found a runed translucent gate.
  2343 | D:3      | Found a runed translucent gate.
  2368 | D:3      | Reached XP level 4. HP: 26/26 MP: 8/8
  2486 | D:3      | 2486 ||| READING scroll of enchant weapon.
  2486 | D:3      | 2486 ||| ENCHANTING +1 war axe.
  2603 | D:3      | Found a sacrificial altar of Ru.
  2675 | D:3      | Found a blossoming altar of Fedhas.
  2687 | D:3      | Noticed an oklob plant
  2953 | D:3      | 2953 ||| UPGRADING to +0 cloak.
  2958 | D:3      | 2958 ||| DROPPING +2 leather armour of the True Pharaoh
                  | {rC+}.
  2959 | D:3      | 2959 ||| READING scroll labelled SERYQE YMNO.
  2960 | D:3      | 2960 ||| READING scroll labelled YNOGETHR HYATSO.
  3061 | D:3      | 3061 ||| READING 2 scrolls labelled UJAGEEZIDE.
  3083 | D:3      | 3083 ||| READING scroll labelled SAMENNU IPHOAS.
  3084 | D:3      | 3084 ||| DRINKING 2 dark potions.
  3185 | D:3      | 3185 ||| READING 2 scrolls of identify.
  3185 | D:3      | 3185 ||| IDENTIFYING green potion
  3186 | D:3      | 3186 ||| DROPPING potion of ambrosia.
  3214 | D:4      | 3214 ||| PLANNING OSSUARY
  3217 | D:4      | Identified the +0 robe of Dishonour {Rampage rF- Regen+
                  | Archmagi}
  3278 | D:4      | Noticed Menkaure
  3279 | D:4      | 3279 ||| Stepping ~*~*~tactically~*~*~ (hiding).
  3288 | D:4      | HP: 6/26 [Menkaure (14)]
  3289 | D:4      | 3289 ||| READING scroll of teleportation.
  3292 | D:4      | Killed Menkaure
  3293 | D:4      | Reached skill level 6 in Axes
  3293 | D:4      | Gained mutation: Your magical nature lets you fly swiftly
                  | and evasively. [Tengu growth]
  3293 | D:4      | Reached XP level 5. HP: 6/30 MP: 9/9
  3311 | D:4      | 3311 ||| FLEEEEING.
  3540 | D:4      | 3540 ||| Stepping ~*~*~tactically~*~*~ (hiding).
  3678 | D:4      | Found a sand-covered staircase.
  3679 | D:4      | 3679 ||| DRINKING 2 bubbling silvery potions.
  3679 | D:4      | Gained mutation: You do not regenerate when monsters are
                  | visible. [potion of mutation]
  3680 | D:4      | 3680 ||| DRINKING potion of mutation.
  3680 | D:4      | Lost mutation: You do not regenerate when monsters are
                  | visible. [potion of mutation]
  3680 | D:4      | Gained mutation: Your system is resistant to poisons.
                  | (rPois) [potion of mutation]
  3680 | D:4      | Gained mutation: Your mind is acute. (Int +4, Str/Dex -1)
                  | [potion of mutation]
  3680 | D:4      | Gained mutation: You have an increased reservoir of magic.
                  | (+10% MP) [potion of mutation]
  3693 | Ossuary  | Entered an ossuary
  3811 | Ossuary  | Reached XP level 6. HP: 22/35 MP: 10/10
  3826 | Ossuary  | HP: 8/35 [human zombie (2)]
  3830 | Ossuary  | Reached skill level 7 in Axes
  4216 | Ossuary  | 4216 ||| DRINKING 2 fizzy pink potions.
  4217 | Ossuary  | 4217 ||| DRINKING 2 viscous golden potions.
  4218 | Ossuary  | 4218 ||| DRINKING 4 silvery potions.
  4245 | Ossuary  | 4245 ||| DRINKING 2 clear potions.
  4246 | Ossuary  | 4246 ||| DROPPING potion of attraction.
  4247 | Ossuary  | 4247 ||| DROPPING 3 potions of lignification.
  4248 | Ossuary  | 4248 ||| DROPPING potion of magic.
  4263 | D:4      | 4263 ||| PLANNING D:1-11
  4298 | D:4      | 4298 ||| Stepping ~*~*~tactically~*~*~ (stealth).
  4304 | D:4      | 4304 ||| Stepping ~*~*~tactically~*~*~ (hiding).
  4305 | D:4      | 4305 ||| Stepping ~*~*~tactically~*~*~ (hiding).
  4306 | D:4      | 4306 ||| Stepping ~*~*~tactically~*~*~ (hiding).
  4307 | D:4      | 4307 ||| Stepping ~*~*~tactically~*~*~ (hiding).
  4310 | D:4      | Reached skill level 3 in Fighting
  4414 | D:4      | 4414 ||| Stepping ~*~*~tactically~*~*~ (stealth).
  4415 | D:4      | 4415 ||| Stepping ~*~*~tactically~*~*~ (stealth).
  4417 | D:4      | 4417 ||| Stepping ~*~*~tactically~*~*~ (stealth).
  4419 | D:4      | 4419 ||| Stepping ~*~*~tactically~*~*~ (hiding).
  4648 | D:4      | 4648 ||| Stepping ~*~*~tactically~*~*~ (hiding).
  4649 | D:4      | 4649 ||| Stepping ~*~*~tactically~*~*~ (hiding).
  4658 | D:4      | Reached XP level 7. HP: 40/41 MP: 12/12
  4664 | D:4      | Identified the +7 dagger of the Voracious God {vamp, *Rage
                  | rElec rPois Dex+6}
  4667 | D:4      | 4667 ||| Stepping ~*~*~tactically~*~*~ (stealth).
  4677 | D:4      | 4677 ||| Stepping ~*~*~tactically~*~*~ (stealth).
  5019 | D:4      | 5019 ||| READING 2 scrolls of identify.
  5019 | D:4      | 5019 ||| IDENTIFYING amethyst potion
  5020 | D:4      | 5020 ||| DROPPING potion of degeneration.
  5037 | D:5      | Entered Level 5 of the Dungeon
  5037 | D:5      | You are sucked into a shaft and drop 3 floors!
  5059 | D:8      | HP: 9/41 [electric eel/bolt of electricity (7)]
  5060 | D:8      | 5060 ||| READING 3 scrolls of teleportation.
  5061 | D:8      | 5061 ||| DRINKING 2 potions of heal wounds.
  5064 | D:8      | Found an ancient bone altar of Kikubaaqudgha.
  5299 | D:6      | 5299 ||| READING 2 scrolls of identify.
  5299 | D:6      | 5299 ||| IDENTIFYING white potion
  5527 | D:5      | HP: 6/41 [ogre/+0 giant spiked club (14)]
  5528 | D:5      | 5528 ||| READING 2 scrolls of teleportation.
  5529 | D:5      | 5529 ||| DRINKING potion of heal wounds.
  5531 | D:5      | Reached skill level 8 in Axes
  5675 | D:5      | Found a sparkling altar of Nemelex Xobeh.
  5721 | D:5      | 5721 ||| READING scroll of enchant armour.
  5721 | D:5      | 5721 ||| ENCHANTING +1 pair of gloves.
  5784 | D:5      | 5784 ||| Stepping ~*~*~tactically~*~*~ (hiding).
  5914 | D:5      | HP: 9/41 [gnoll sergeant/+0 spear (4)]
  5915 | D:5      | 5915 ||| READING scroll of teleportation.
  5922 | D:5      | HP: 3/41 [hound (4)]
  6255 | D:5      | 6255 ||| Stepping ~*~*~tactically~*~*~ (hiding).
  6270 | D:5      | Reached skill level 9 in Axes
  6270 | D:5      | Reached XP level 8. HP: 23/46 MP: 13/13
  6588 | D:5      | Found Pusad's Distillery.
  6594 | D:5      | 6594 ||| BUYING 2 potions of haste (200 gold).
  6594 | D:5      | Bought 2 potions of haste for 200 gold pieces
  6594 | D:5      | 6594 ||| SHOPLISTING potion of cancellation (80 gold, have
                  | 70).
  6594 | D:5      | 6594 ||| BUYING potion of curing (30 gold).
  6594 | D:5      | Bought a potion of curing for 30 gold pieces
  6594 | D:5      | 6594 ||| SHOPLISTING potion of heal wounds (50 gold, have
                  | 40).
  6755 | D:5      | 6755 ||| Stepping ~*~*~tactically~*~*~ (hiding).
  6774 | D:5      | 6774 ||| READING scroll of enchant armour.
  6774 | D:5      | 6774 ||| ENCHANTING +0 cloak.
  6878 | D:5      | 6878 ||| UPGRADING to +0 buckler.
  6883 | D:5      | 6883 ||| READING 2 scrolls of identify.
  6883 | D:5      | 6883 ||| IDENTIFYING sapphire potion
  6884 | D:5      | 6884 ||| DROPPING potion of flight.
  6922 | D:5      | 6922 ||| Stepping randomly (stuck).
  6929 | D:6      | Noticed Pikel
  6929 | D:6      | Found Deruily's Blasphemy Boutique.
  6930 | D:6      | 6930 ||| STAIRDANCE
  7007 | D:6      | 7007 ||| STAIRDANCE
  7010 | D:5      | HP: 7/48 [bullfrog (6)]
  7011 | D:5      | 7011 ||| DRINKING potion of heal wounds.
  7013 | D:5      | Reached skill level 1 in Shields
  7024 | D:5      | HP: 11/48 [Pikel/+0 whip of freezing (4)]
  7027 | D:5      | Killed Pikel
  7274 | D:6      | 7274 ||| SHOPLISTING +1 vampiric demon whip (624 gold, have
                  | 54).
  7357 | D:6      | 7357 ||| Stepping ~*~*~tactically~*~*~ (stealth).
  7359 | D:6      | 7359 ||| Stepping ~*~*~tactically~*~*~ (stealth).
  7427 | D:6      | Reached skill level 3 in Dodging
  7627 | D:6      | Noticed Maggie
  7640 | D:6      | Killed Maggie
  7641 | D:6      | Reached skill level 10 in Axes
  7641 | D:6      | Reached XP level 9. HP: 52/52 MP: 14/14
  7735 | D:6      | Found an iron altar of Okawaru.
  7753 | D:6      | 7753 ||| READING scroll of enchant weapon.
  7753 | D:6      | 7753 ||| ENCHANTING +2 war axe.
  7768 | D:6      | Became a worshipper of Warmaster Okawaru
  8001 | D:7      | 8001 ||| Stepping ~*~*~tactically~*~*~ (stealth).
  8010 | D:7      | Reached skill level 3 in Armour
  8052 | D:7      | Identified the +7 hand axe of Purpose {drain, rPois Stlth+}
  8063 | D:7      | 8063 ||| Stepping ~*~*~tactically~*~*~ (stealth).
  8076 | D:7      | 8076 ||| FLEEEEING.
  8077 | D:7      | 8077 ||| FLEEEEING.
  8078 | D:7      | 8078 ||| FLEEEEING.
  8082 | D:7      | 8082 ||| FLEEEEING.
  8083 | D:7      | 8083 ||| FLEEEEING.
  8084 | D:7      | 8084 ||| FLEEEEING.
  8085 | D:7      | 8085 ||| FLEEEEING.
  8088 | D:7      | 8088 ||| FLEEEEING.
  8089 | D:7      | 8089 ||| FLEEEEING.
  8094 | D:7      | 8094 ||| STAIRDANCE
  8141 | D:6      | 8141 ||| READING 2 scrolls of identify.
  8141 | D:6      | 8141 ||| IDENTIFYING fizzy purple potion
  8142 | D:6      | 8142 ||| DROPPING potion of brilliance.
  8178 | D:7      | 8178 ||| READING scroll of enchant armour.
  8178 | D:7      | 8178 ||| ENCHANTING +1 cloak.
  8440 | D:7      | Identified the +7 rapier of Tumult {spect, rElec rN+ SInv}
  8444 | D:7      | Found a staircase to the Ecumenical Temple.
  8470 | D:7      | 8470 ||| Stepping ~*~*~tactically~*~*~ (stealth).
  8474 | D:7      | 8474 ||| Stepping ~*~*~tactically~*~*~ (stealth).
  8476 | D:7      | 8476 ||| Stepping ~*~*~tactically~*~*~ (hiding).
  8489 | D:7      | Reached * piety under Okawaru
  8547 | D:7      | Found an opulent altar of Gozag.
  8804 | D:8      | 8804 ||| Stepping ~*~*~tactically~*~*~ (stealth).
  8841 | D:8      | Reached skill level 1 in Invocations
  8849 | D:8      | Reached skill level 11 in Axes
  8863 | D:8      | Noticed a troll
  8864 | D:8      | 8864 ||| INVOKING Heroism.
  8865 | D:8      | 8865 ||| Stepping ~*~*~tactically~*~*~ (stealth).
  8878 | D:8      | 8878 ||| INVOKING Heroism.
  8880 | D:8      | HP: 8/54 [troll (11)]
  8881 | D:8      | 8881 ||| READING scroll of teleportation.
  8881 | D:8      | Slain by a troll

Levels and vault maps discovered:
D:1:      dpeg_arrival_more_subterranean_lakeside_camping, layout_basic,
          nicolae_ecumenical_lake_church
D:2:      layout_basic
D:3:      layout_basic, tgw_fedhas, nicolae_ru_path_of_blood,
          gammafunk_ghost_icy, mrwooster_statue_mirror
D:4:      layout_loops_cross, enter_ossuary_4, uniq_menkaure
D:5:      layout_basic, mainiacjoe_overflow_small_starburst, serial_shops,
          kennysheep_little_box, corexii_leaking_fountain, minmay_misc_feat_five
D:6:      layout_basic, mainiacjoe_overflow_alcove_4, nicolae_evil_shop,
          uniq_pikel, uniq_maggie
D:7:      layout_cave_pools, grunt_gozag_statues, minmay_temple_entry_junction_2
D:8:      layout_rooms, gammafunk_temple_overflow_statue,
          nicolae_kikubaaqudgha_miasma_corner, general_overflow_altar,
          enter_bailey_5, small_statue_intersection, lightli_minifort

Skill      XL: |  1  2  3  4  5  6  7  8  9 |
---------------+----------------------------+-----
Axes           | 3 4 6 7 9 10 11 | 11.0
Fighting       | 3 4 5 |  5.0
Armour         | 2 3 |  3.1
Throwing       | 2 |  2.6
Shields        | 5 |  5.1
Dodging        | 3 |  3.2
Invocations    | 2 |  2.1
Spellcasting   | |  2.0
Translocations | |  2.4

Action                   |  1- 3 |  4- 6 |  7- 9 || total
-------------------------+-------+-------+-------++-------
Melee: War axe           |    50 |   106 |   209 ||   365
       Peck              |     8 |    19 |    39 ||    66
       Hand axe          |     1 |       |       ||     1
       Kick              |     7 |    28 |    53 ||    88
       Punch             |       |     2 |     3 ||     5
Throw: Boomerang         |     7 |     6 |    12 ||    25
       Javelin           |       |       |    28 ||    28
Invok: Heroism           |       |       |     2 ||     2
  Use: Scroll            |     9 |     7 |    12 ||    28
       Potion            |       |     7 |     3 ||    10
Armor: Leather armour    |     8 |       |       ||     8
       Scale mail        |    12 |    53 |   106 ||   171
Dodge: Dodged            |    39 |    70 |   140 ||   249
Block: Buckler           |       |       |    39 ||    39

Table legend:
 A = Non-vault XP
 B = Vault XP
 C = Vault XP percentage of total XP
 D = Non-vault monster count
 E = Vault monster count
 F = Vault count percentage of total count
                 A         B        C        D         E       F
            +---------+---------+-------+---------+---------+-------
      Total |    2750 |    1428 |  34.2 |     106 |      44 |  29.3
            +---------+---------+-------+---------+---------+-------
        D:1 |      34 |       0 |   0.0 |      14 |       0 |   0.0
        D:2 |      12 |       0 |   0.0 |       7 |       0 |   0.0
        D:3 |      51 |       0 |   0.0 |       5 |       0 |   0.0
        D:4 |     143 |     153 |  51.7 |      19 |       3 |  13.6
        D:5 |     827 |     617 |  42.7 |      15 |       1 |   6.2
        D:6 |     189 |     404 |  68.1 |      10 |       1 |   9.1
        D:7 |    1002 |       0 |   0.0 |      26 |       0 |   0.0
        D:8 |     492 |       0 |   0.0 |      10 |       0 |   0.0
    Ossuary |       0 |     254 | 100.0 |       0 |      39 | 100.0
            +---------+---------+-------+---------+---------+-------
